General information
- name: BNet
- type: Ladder team game (AT/RT)
- host: Battle.net
- saver: Taking
map: FullScaleAssault
- players: 8
- length: 46:16
- speed: Fast
- version: 1.28 W3XP
- replay type: Public
» download(441 KB)
Players
team 1 (loser)

»
GhostFox (
purple | 59 APM | 1745 actions | 29:25)
6 Shadow Hunter
3 Serpent Ward
2 Healing Wave
1 Big Bad Voodoo
3 Beastmaster
2 Summon Quilbeast
1 Summon Hawk
5 Firelord
3 Summon Lava Spawn
2 Incinerate
» actions
| Assign group hotkey | 33 | |
| Basic commands | 25 | |
| Build / train | 71 | |
| Enter build submenu | 15 | |
| Enter hero's abilities submenu | 14 | |
| Give item / drop item | 2 | |
| Right click | 893 | |
| Select / deselect | 526 | |
| Select group hotkey | 56 | |
| Use ability | 109 | |
1745 total
» units
| Peon | 8 | |
| Grunt | 4 | |
| Shaman | 9 | |
| Tauren | 15 | |
36 total
» upgrades
| Berserker Strength | 1 | |
| Armor | 2 | |
| Melee Weapons | 1 | |
| Shaman Training | 2 | |
| Pulverize | 1 | |
| Reinforced Defenses | 1 | |
8 total
» buildings
| Altar of Storms | 1 | |
| Orc Burrow | 7 | |
| Barracks | 1 | |
| Voodoo Lounge | 1 | |
| Stronghold | 1 | |
| War Mill | 1 | |
| Fortress | 1 | |
| Spirit Lodge | 1 | |
| Tauren Totem | 3 | |
17 total
» build order
00:12 Altar of Storms
00:16 Orc Burrow
00:43 Barracks
01:35 Orc Burrow
02:07 Voodoo Lounge
03:12 Orc Burrow
03:57 Stronghold
04:57 War Mill
05:02 Orc Burrow
06:26 Fortress
06:30 Spirit Lodge
08:51 Tauren Totem
08:55 Tauren Totem
09:08 Tauren Totem
10:40 Orc Burrow
10:42 Orc Burrow
13:46 Orc Burrow
» items
| Scroll of Town Portal | 3 | |
| Lesser Clarity Potion | 4 | |
| Healing Salve | 1 | |
8 total

»
ChopsBuster (
red | 79 APM | 1948 actions | 24:35)
5 Death Knight
3 Death Coil
2 Unholy Aura
4 Lich
2 Frost Nova
1 Dark Ritual
1 Frost Armor
» actions
| Assign group hotkey | 53 | |
| Basic commands | 87 | |
| Build / train | 80 | |
| Enter build submenu | 24 | |
| Enter hero's abilities submenu | 9 | |
| Give item / drop item | 3 | |
| Remove unit from queue | 5 | |
| Right click | 924 | |
| Select / deselect | 357 | |
| Select group hotkey | 272 | |
| Use ability | 134 | |
1948 total
» units
| Acolyte | 11 | |
| Ghoul | 3 | |
| Crypt Fiend | 8 | |
| Obsidian Statue | 9 | |
| Abomination | 2 | |
| Meatwagon | 4 | |
37 total
» upgrades
| Web | 1 | |
| Destroyer Form | 1 | |
| Creature Carapace | 3 | |
| Creature Attack | 2 | |
| Burrow | 1 | |
| Unholy Armor | 1 | |
| Disease Cloud | 1 | |
10 total
» buildings
| Graveyard | 1 | |
| Crypt | 1 | |
| Altar of Darkness | 1 | |
| Ziggurat | 7 | |
| Tomb of Relics | 1 | |
| Nerubian Tower | 3 | |
| Halls of the Dead | 1 | |
| Black Citadel | 1 | |
| Slaughterhouse | 2 | |
| Necropolis | 2 | |
| Sacrificial Pit | 1 | |
| Spirit Tower | 2 | |
23 total
» build order
00:17 Graveyard
00:22 Crypt
00:45 Altar of Darkness
01:02 Ziggurat
01:37 Tomb of Relics
01:50 Ziggurat
02:33 Nerubian Tower
02:33 Nerubian Tower
04:27 Halls of the Dead
04:29 Ziggurat
05:51 Ziggurat
06:51 Black Citadel
06:59 Slaughterhouse
11:24 Necropolis
11:50 Ziggurat
14:46 Ziggurat
14:47 Ziggurat
14:56 Sacrificial Pit
19:11 Nerubian Tower
19:12 Spirit Tower
19:17 Spirit Tower
21:20 Slaughterhouse
21:41 Necropolis
» items
| Rod of Necromancy | 3 | |
| Scroll of Town Portal | 1 | |
| Orb of Corruption | 1 | |
| Potion of Lesser Invulnerability | 1 | |
| Scroll of Healing | 2 | |
8 total
ReturnOfTheKang (
teal | 75 APM | 3475 actions | 46:16)
10 Archmage
3 Summon Water Elemental
3 Brilliance Aura
1 Mass Teleport
3 Blizzard
3 Mountain King
2 Storm Bolt
1 Bash
» actions
| Assign group hotkey | 45 | |
| Basic commands | 99 | |
| Build / train | 129 | |
| Enter build submenu | 80 | |
| Enter hero's abilities submenu | 15 | |
| Give item / drop item | 6 | |
| Remove unit from queue | 1 | |
| Right click | 1377 | |
| Select / deselect | 719 | |
| Select group hotkey | 749 | |
| Use ability | 255 | |
3475 total
» units
| Peasant | 12 | |
| Footman | 5 | |
| Goblin Shredder | 1 | |
| Goblin Zeppelin | 3 | |
| Gryphon Rider | 12 | |
| Blue Dragon | 3 | |
| Goblin Sapper | 5 | |
| Dragonhawk Rider | 7 | |
| Knight | 4 | |
| Priest | 4 | |
56 total
» upgrades
| Masonry | 3 | |
| Storm Hammers | 1 | |
| Cloud | 1 | |
| Animal War Training | 2 | |
| Swords | 6 | |
| Armor | 3 | |
| Plating | 3 | |
19 total
» buildings
| Altar of Kings | 2 | |
| Barracks | 2 | |
| Farm | 18 | |
| Scout Tower | 72 | |
| Keep | 1 | |
| Arcane Vault | 4 | |
| Arcane Tower | 2 | |
| Town Hall | 3 | |
| Lumber Mill | 1 | |
| Castle | 1 | |
| Guard Tower | 21 | |
| Gryphon Aviary | 4 | |
| Blacksmith | 3 | |
134 total
» build order
00:36 Altar of Kings
00:38 Barracks
00:40 Altar of Kings
00:41 Barracks
00:49 Farm
00:49 Farm
01:06 Farm
01:42 Farm
02:21 Scout Tower
03:26 Keep
03:56 Arcane Vault
03:58 Arcane Tower
04:19 Town Hall
04:22 Scout Tower
04:22 Scout Tower
04:23 Scout Tower
05:16 Lumber Mill
05:32 Farm
05:42 Scout Tower
05:45 Arcane Tower
06:28 Castle
07:19 Guard Tower
07:36 Gryphon Aviary
07:40 Gryphon Aviary
07:40 Gryphon Aviary
07:41 Gryphon Aviary
07:47 Blacksmith
09:57 Blacksmith
11:05 Town Hall
11:13 Scout Tower
11:13 Scout Tower
11:13 Scout Tower
11:14 Scout Tower
11:16 Arcane Vault
11:16 Scout Tower
11:17 Scout Tower
11:17 Scout Tower
11:19 Scout Tower
11:19 Scout Tower
11:22 Scout Tower
11:22 Scout Tower
11:23 Scout Tower
12:00 Guard Tower
12:02 Guard Tower
12:39 Guard Tower
12:41 Guard Tower
12:42 Guard Tower
16:03 Guard Tower
19:03 Scout Tower
19:04 Scout Tower
19:05 Scout Tower
19:06 Scout Tower
19:07 Scout Tower
19:08 Scout Tower
19:12 Scout Tower
19:13 Scout Tower
19:15 Scout Tower
19:15 Scout Tower
19:17 Scout Tower
19:18 Scout Tower
19:27 Scout Tower
19:28 Scout Tower
19:28 Scout Tower
19:29 Scout Tower
19:31 Scout Tower
19:32 Scout Tower
19:33 Scout Tower
19:34 Scout Tower
19:35 Scout Tower
19:36 Scout Tower
19:42 Guard Tower
19:46 Guard Tower
19:47 Guard Tower
21:18 Guard Tower
21:31 Scout Tower
21:31 Scout Tower
21:31 Scout Tower
21:32 Scout Tower
21:32 Scout Tower
21:33 Scout Tower
21:34 Scout Tower
21:34 Scout Tower
21:35 Scout Tower
21:35 Scout Tower
21:45 Guard Tower
22:26 Guard Tower
22:30 Guard Tower
24:51 Guard Tower
28:58 Town Hall
29:07 Farm
29:07 Farm
29:07 Farm
29:10 Scout Tower
29:10 Scout Tower
29:10 Scout Tower
29:11 Scout Tower
29:11 Scout Tower
29:12 Scout Tower
29:12 Scout Tower
29:13 Scout Tower
29:16 Scout Tower
29:16 Scout Tower
29:16 Scout Tower
29:16 Scout Tower
29:18 Arcane Vault
29:22 Arcane Vault
29:32 Scout Tower
29:32 Scout Tower
29:34 Scout Tower
29:43 Guard Tower
29:45 Scout Tower
29:46 Scout Tower
29:46 Scout Tower
30:04 Guard Tower
30:18 Guard Tower
30:47 Guard Tower
31:31 Scout Tower
31:31 Scout Tower
31:32 Scout Tower
31:32 Scout Tower
31:34 Farm
31:34 Farm
32:59 Guard Tower
35:40 Guard Tower
36:47 Blacksmith
37:37 Farm
37:37 Farm
37:37 Farm
37:38 Farm
37:39 Farm
37:40 Farm
37:41 Farm
37:41 Farm
» items
| Scroll of Regeneration | 3 | |
| Mechanical Critter | 4 | |
| Staff of Sanctuary | 1 | |
| Scroll of Town Portal | 2 | |
| Potion of Mana | 1 | |
| Lesser Clarity Potion | 1 | |
| Periapt of Vitality | 1 | |
13 total
LadyLeonhardt (
orange | 55 APM | 1609 actions | 29:30)
5 Archmage
3 Summon Water Elemental
1 Brilliance Aura
1 Blizzard
3 Paladin
2 Holy Light
1 Divine Shield
2 Mountain King
1 Storm Bolt
1 Thunder Clap
» actions
| Assign group hotkey | 29 | |
| Build / train | 115 | |
| Enter build submenu | 41 | |
| Enter hero's abilities submenu | 10 | |
| Right click | 902 | |
| Select / deselect | 318 | |
| Select group hotkey | 96 | |
| Use ability | 98 | |
1609 total
» units
| Peasant | 9 | |
| Footman | 6 | |
| Rifleman | 23 | |
| Goblin Shredder | 1 | |
| Priest | 8 | |
| Siege Engine | 6 | |
53 total
» upgrades
| Lumber Harvesting | 2 | |
| Masonry | 3 | |
| Long Rifles | 1 | |
| Gunpowder | 3 | |
| Armor | 3 | |
| Magic Sentry | 1 | |
| Priest Training | 2 | |
| Fragmentation Shards | 1 | |
| Flare | 1 | |
| Barrage | 2 | |
19 total
» buildings
| Altar of Kings | 1 | |
| Barracks | 2 | |
| Farm | 9 | |
| Lumber Mill | 1 | |
| Scout Tower | 30 | |
| Arcane Tower | 2 | |
| Blacksmith | 2 | |
| Keep | 1 | |
| Arcane Vault | 2 | |
| Guard Tower | 18 | |
| Town Hall | 1 | |
| Castle | 1 | |
| Arcane Sanctum | 2 | |
| Workshop | 2 | |
74 total
» build order
00:03 Altar of Kings
00:23 Barracks
00:38 Farm
00:53 Farm
01:21 Lumber Mill
01:51 Scout Tower
01:57 Farm
02:20 Arcane Tower
02:58 Blacksmith
03:05 Blacksmith
03:31 Scout Tower
03:51 Keep
05:04 Arcane Vault
05:09 Guard Tower
05:14 Scout Tower
05:20 Farm
05:39 Town Hall
06:23 Guard Tower
06:27 Guard Tower
07:24 Scout Tower
07:26 Scout Tower
07:29 Scout Tower
07:30 Scout Tower
07:59 Guard Tower
08:59 Castle
09:13 Guard Tower
09:33 Arcane Tower
10:31 Guard Tower
10:47 Farm
10:48 Farm
12:08 Guard Tower
12:20 Scout Tower
12:21 Scout Tower
12:34 Arcane Vault
12:53 Guard Tower
12:55 Scout Tower
12:57 Scout Tower
12:57 Scout Tower
12:58 Scout Tower
13:24 Arcane Sanctum
13:25 Arcane Sanctum
13:35 Scout Tower
13:37 Scout Tower
14:25 Scout Tower
14:26 Scout Tower
14:28 Guard Tower
14:50 Guard Tower
15:24 Farm
15:24 Farm
15:28 Farm
16:56 Guard Tower
17:56 Scout Tower
17:58 Scout Tower
17:59 Scout Tower
18:05 Guard Tower
19:20 Barracks
20:38 Workshop
20:46 Workshop
21:33 Guard Tower
21:38 Scout Tower
21:40 Scout Tower
21:42 Scout Tower
21:43 Scout Tower
21:44 Scout Tower
22:45 Guard Tower
24:16 Guard Tower
24:18 Scout Tower
24:20 Scout Tower
24:21 Scout Tower
25:42 Guard Tower
25:47 Scout Tower
25:48 Scout Tower
26:24 Guard Tower
28:42 Guard Tower
» items
| Scroll of Regeneration | 1 | |
| Scroll of Town Portal | 6 | |
| Potion of Healing | 1 | |
8 total
team 2 (winner)
J0DyHiGhR0LlEr (
yellow | 69 APM | 3093 actions | 44:50)
7 Far Seer
3 Feral Spirit
1 Chain Lighting
1 Far Sight
2 Earth Quake
4 Shadow Hunter
2 Healing Wave
2 Hex
2 Archmage
1 Brilliance Aura
1 Summon Water Elemental
» actions
| Assign group hotkey | 55 | |
| Build / train | 88 | |
| ESC pressed | 5 | |
| Enter build submenu | 68 | |
| Enter hero's abilities submenu | 13 | |
| Give item / drop item | 1 | |
| Right click | 679 | |
| Select / deselect | 620 | |
| Select group hotkey | 1433 | |
| Use ability | 131 | |
3093 total
» units
| Peon | 23 | |
| Troll Headhunter/Berserker | 12 | |
| Footman | 3 | |
| Tauren | 16 | |
| Gryphon Rider | 1 | |
55 total
» upgrades
| Armor | 2 | |
| Lumber Harvesting | 1 | |
| Troll Regeneration | 1 | |
| Ranged Weapons | 1 | |
| Berserker Upgrade | 1 | |
| Masonry | 1 | |
| Pulverize | 1 | |
| Melee Weapons | 1 | |
| Reinforced Defenses | 1 | |
| Spiked Barricades | 1 | |
11 total
» buildings
| Altar of Storms | 1 | |
| Orc Burrow | 21 | |
| War Mill | 1 | |
| Barracks | 3 | |
| Voodoo Lounge | 1 | |
| Stronghold | 3 | |
| Fortress | 1 | |
| Farm | 6 | |
| Tauren Totem | 3 | |
| Arcane Vault | 1 | |
| Great Hall | 7 | |
| Watch Tower | 7 | |
| Town Hall | 1 | |
56 total
» build order
00:10 Altar of Storms
00:15 Orc Burrow
01:07 War Mill
01:53 Barracks
02:19 Orc Burrow
02:54 Voodoo Lounge
04:05 Barracks
04:07 Stronghold
04:20 Orc Burrow
05:45 Orc Burrow
06:37 Fortress
07:40 Farm
07:50 Barracks
09:35 Tauren Totem
10:44 Tauren Totem
10:51 Orc Burrow
10:54 Orc Burrow
11:21 Arcane Vault
12:45 Orc Burrow
14:30 Farm
14:50 Orc Burrow
19:01 Farm
19:08 Great Hall
19:56 Farm
19:59 Farm
21:00 Orc Burrow
21:02 Orc Burrow
21:26 Farm
22:15 Orc Burrow
23:43 Stronghold
24:21 Tauren Totem
25:04 Great Hall
27:21 Great Hall
28:23 Orc Burrow
28:25 Orc Burrow
29:03 Great Hall
29:21 Great Hall
30:56 Orc Burrow
31:02 Orc Burrow
31:08 Orc Burrow
31:53 Orc Burrow
32:36 Orc Burrow
33:04 Watch Tower
33:05 Watch Tower
33:29 Watch Tower
33:34 Watch Tower
33:35 Watch Tower
34:11 Watch Tower
35:56 Watch Tower
36:48 Stronghold
37:25 Town Hall
38:22 Orc Burrow
39:02 Orc Burrow
39:56 Orc Burrow
41:34 Great Hall
44:04 Great Hall
» items

»
Labsucks (
blue | 51 APM | 262 actions | 05:06)
1 Archmage
1 Summon Water Elemental
» actions
| Assign group hotkey | 10 | |
| Basic commands | 4 | |
| Build / train | 15 | |
| ESC pressed | 1 | |
| Enter build submenu | 11 | |
| Enter hero's abilities submenu | 2 | |
| Right click | 113 | |
| Select / deselect | 56 | |
| Select group hotkey | 29 | |
| Use ability | 21 | |
262 total
» units
» buildings
| Lumber Mill | 1 | |
| Altar of Kings | 1 | |
| Farm | 3 | |
| Blacksmith | 1 | |
| Barracks | 1 | |
| Keep | 2 | |
| Town Hall | 1 | |
10 total
» build order
00:20 Lumber Mill
01:07 Altar of Kings
01:14 Farm
01:21 Blacksmith
01:35 Barracks
02:50 Farm
03:22 Farm
03:33 Keep
03:33 Keep
04:58 Town Hall
Taking (
pink | 84 APM | 3870 actions | 46:16)
6 Archmage
3 Summon Water Elemental
2 Brilliance Aura
1 Mass Teleport
5 Mountain King
3 Storm Bolt
2 Bash
4 Paladin
2 Holy Light
2 Divine Shield
» actions
| Assign group hotkey | 110 | |
| Basic commands | 150 | |
| Build / train | 185 | |
| ESC pressed | 7 | |
| Enter build submenu | 76 | |
| Enter hero's abilities submenu | 16 | |
| Give item / drop item | 15 | |
| Remove unit from queue | 2 | |
| Right click | 1130 | |
| Select / deselect | 637 | |
| Select group hotkey | 1269 | |
| Use ability | 273 | |
3870 total
» units
| Peasant | 17 | |
| Footman | 5 | |
| Goblin Shredder | 2 | |
| Rifleman | 5 | |
| Goblin Zeppelin | 2 | |
| Sorceress | 3 | |
| Goblin Sapper | 1 | |
| Gryphon Rider | 3 | |
| Dragonhawk Rider | 2 | |
40 total
» upgrades
| Masonry | 3 | |
| Gunpowder | 3 | |
| Long Rifles | 2 | |
| Armor | 3 | |
| Sorceress Training | 2 | |
| Priest Training | 2 | |
| Fragmentation Shards | 1 | |
| Plating | 2 | |
| Control Magic | 1 | |
| Barrage | 1 | |
| Flare | 1 | |
| Storm Hammers | 1 | |
| Cloud | 1 | |
| Swords | 1 | |
| Animal War Training | 1 | |
25 total
» buildings
| Barracks | 1 | |
| Altar of Kings | 1 | |
| Farm | 10 | |
| Arcane Vault | 1 | |
| Keep | 5 | |
| Town Hall | 3 | |
| Scout Tower | 42 | |
| Arcane Tower | 4 | |
| Lumber Mill | 1 | |
| Blacksmith | 1 | |
| Castle | 2 | |
| Guard Tower | 47 | |
| Arcane Sanctum | 2 | |
| Workshop | 1 | |
| Gryphon Aviary | 4 | |
125 total
» build order
01:06 Barracks
01:09 Altar of Kings
01:11 Farm
01:19 Farm
01:31 Farm
01:55 Arcane Vault
02:22 Farm
02:28 Farm
04:06 Keep
04:06 Keep
04:35 Town Hall
04:43 Scout Tower
04:43 Scout Tower
06:08 Arcane Tower
06:08 Arcane Tower
06:18 Lumber Mill
06:23 Blacksmith
06:57 Castle
06:57 Castle
07:51 Guard Tower
07:51 Guard Tower
07:52 Scout Tower
07:53 Scout Tower
07:55 Scout Tower
07:56 Scout Tower
09:08 Guard Tower
09:08 Guard Tower
09:13 Scout Tower
09:14 Scout Tower
09:16 Scout Tower
09:18 Scout Tower
09:54 Guard Tower
09:55 Guard Tower
10:26 Scout Tower
10:27 Scout Tower
10:29 Scout Tower
10:30 Scout Tower
10:31 Scout Tower
10:53 Guard Tower
10:54 Guard Tower
10:56 Guard Tower
10:56 Guard Tower
10:57 Guard Tower
10:58 Guard Tower
11:00 Arcane Tower
11:00 Arcane Tower
11:01 Guard Tower
11:02 Guard Tower
11:44 Scout Tower
11:47 Scout Tower
12:20 Arcane Sanctum
12:21 Arcane Sanctum
12:25 Workshop
12:44 Guard Tower
12:44 Guard Tower
12:54 Scout Tower
13:06 Scout Tower
14:24 Guard Tower
14:24 Guard Tower
14:25 Guard Tower
14:26 Town Hall
15:09 Scout Tower
15:09 Scout Tower
15:10 Scout Tower
15:11 Scout Tower
15:11 Scout Tower
15:14 Scout Tower
15:16 Scout Tower
16:15 Scout Tower
16:16 Scout Tower
16:16 Scout Tower
16:17 Scout Tower
16:18 Scout Tower
16:24 Guard Tower
16:24 Guard Tower
16:24 Guard Tower
16:44 Guard Tower
16:44 Guard Tower
16:45 Guard Tower
16:45 Guard Tower
16:47 Guard Tower
16:47 Guard Tower
16:48 Guard Tower
17:31 Scout Tower
17:40 Scout Tower
17:41 Scout Tower
17:42 Scout Tower
18:00 Guard Tower
18:17 Guard Tower
18:17 Guard Tower
18:17 Guard Tower
18:17 Guard Tower
18:17 Guard Tower
18:19 Guard Tower
18:19 Guard Tower
18:23 Scout Tower
19:02 Scout Tower
19:03 Scout Tower
19:04 Scout Tower
19:31 Guard Tower
19:32 Guard Tower
19:33 Guard Tower
19:34 Guard Tower
19:34 Guard Tower
19:34 Guard Tower
19:49 Farm
19:49 Farm
19:50 Farm
25:19 Gryphon Aviary
25:26 Gryphon Aviary
25:29 Gryphon Aviary
25:31 Gryphon Aviary
28:50 Keep
28:50 Keep
28:50 Keep
30:16 Farm
30:23 Farm
41:51 Town Hall
41:54 Scout Tower
41:55 Scout Tower
41:56 Scout Tower
42:23 Guard Tower
42:24 Guard Tower
42:24 Guard Tower
42:25 Guard Tower
» items
| Mechanical Critter | 4 | |
| Scroll of Regeneration | 5 | |
| Boots of Speed | 2 | |
| Periapt of Vitality | 2 | |
| Circlet of Nobility | 2 | |
| Potion of Lesser Invulnerability | 1 | |
| Scroll of Town Portal | 2 | |
| Scroll of Protection | 1 | |
| Orb of Fire | 1 | |
| Staff of Sanctuary | 1 | |
| Orb of Lightning | 1 | |
| Staff of Teleportation | 3 | |
25 total

»
Clusterfuk (
green | 120 APM | 5379 actions | 44:46)
8 Tauren Chieftain
3 War Stomp
3 Endurance Aura
1 Reincarnation
1 Shockwave
2 Archmage
1 Brilliance Aura
1 Summon Water Elemental
6 Shadow Hunter
2 Hex
3 Healing Wave
1 Big Bad Voodoo
» actions
| Assign group hotkey | 33 | |
| Basic commands | 79 | |
| Build / train | 225 | |
| Enter build submenu | 71 | |
| Enter hero's abilities submenu | 16 | |
| Give item / drop item | 6 | |
| Remove unit from queue | 4 | |
| Right click | 2040 | |
| Select / deselect | 990 | |
| Select group hotkey | 1716 | |
| Use ability | 199 | |
5379 total
» units
| Peon | 19 | |
| Troll Headhunter/Berserker | 58 | |
| Peasant | 8 | |
| Gryphon Rider | 30 | |
| Goblin Shredder | 3 | |
| Goblin Zeppelin | 2 | |
| Troll Batrider | 21 | |
141 total
» upgrades
| Ranged Weapons | 3 | |
| Armor | 3 | |
| Troll Regeneration | 1 | |
| Berserker Upgrade | 1 | |
| Storm Hammers | 1 | |
| Reinforced Defenses | 1 | |
| Lumber Harvesting | 1 | |
| Swords | 1 | |
| Liquid Fire | 1 | |
13 total
» buildings
| Altar of Storms | 1 | |
| Orc Burrow | 6 | |
| War Mill | 1 | |
| Barracks | 2 | |
| Voodoo Lounge | 3 | |
| Watch Tower | 32 | |
| Great Hall | 3 | |
| Stronghold | 3 | |
| Gryphon Aviary | 4 | |
| Scout Tower | 4 | |
| Guard Tower | 6 | |
| Fortress | 3 | |
| Castle | 1 | |
| Farm | 6 | |
| Blacksmith | 1 | |
| Spirit Lodge | 1 | |
| Town Hall | 1 | |
| Beastiary | 2 | |
80 total
» build order
00:05 Altar of Storms
00:19 Orc Burrow
00:40 War Mill
01:09 Barracks
01:44 Barracks
02:27 Orc Burrow
02:48 Voodoo Lounge
03:00 Orc Burrow
04:44 Watch Tower
04:46 Watch Tower
04:52 Watch Tower
06:16 Great Hall
06:20 Watch Tower
06:44 Watch Tower
07:01 Stronghold
07:01 Stronghold
07:01 Stronghold
07:35 Watch Tower
07:50 Gryphon Aviary
08:04 Scout Tower
08:13 Watch Tower
08:21 Orc Burrow
08:35 Guard Tower
08:35 Guard Tower
08:37 Scout Tower
09:08 Guard Tower
09:08 Guard Tower
09:08 Guard Tower
09:10 Scout Tower
10:06 Fortress
10:06 Fortress
10:06 Fortress
10:19 Guard Tower
10:21 Scout Tower
10:32 Castle
10:34 Gryphon Aviary
10:38 Gryphon Aviary
10:50 Gryphon Aviary
11:01 Orc Burrow
11:48 Orc Burrow
12:03 Farm
12:03 Farm
12:05 Farm
12:07 Farm
12:08 Farm
12:10 Farm
15:18 Blacksmith
17:23 Spirit Lodge
18:46 Watch Tower
18:47 Watch Tower
18:48 Watch Tower
25:49 Town Hall
29:39 Great Hall
31:04 Watch Tower
31:05 Watch Tower
31:05 Watch Tower
31:06 Watch Tower
31:08 Watch Tower
33:33 Great Hall
33:34 Watch Tower
33:43 Watch Tower
34:36 Watch Tower
34:37 Watch Tower
34:47 Watch Tower
35:30 Watch Tower
35:44 Watch Tower
35:47 Watch Tower
35:50 Watch Tower
36:53 Watch Tower
36:57 Watch Tower
37:40 Beastiary
38:02 Watch Tower
38:06 Watch Tower
38:44 Beastiary
39:11 Voodoo Lounge
39:14 Watch Tower
39:23 Watch Tower
39:51 Voodoo Lounge
40:14 Watch Tower
42:15 Watch Tower
» items
| Healing Salve | 1 | |
| Scroll of Protection | 2 | |
| Scroll of Healing | 2 | |
| Potion of Lesser Invulnerability | 1 | |
| Boots of Speed | 1 | |
| Scroll of Town Portal | 6 | |
| Potion of Healing | 2 | |
| Orb of Lightning | 1 | |
| Potion of Mana | 3 | |
19 total
Chat log
(00:32 / Allies) Clusterfuk: tc hh sham
(00:55 / All) ReturnOfTheKang: DONT SPEAK I KNOW JUST WHAT UR SAYING
(01:00 / All) ReturnOfTheKang: SO STOP EXPLAINING
(01:03 / All) ReturnOfTheKang: DONT TELL ME CUZ IT HURTS
(01:19 / All) ReturnOfTheKang: I DONT NEED UR REASONS DONT TELL ME CUZ IT HURTS
(01:20 / All) J0DyHiGhR0LlEr: holy flashback batman
(01:32 / All) ChopsBuster: going to be stuck in my head now
(01:57 / All) ReturnOfTheKang: this shit is bananas, B A N A N A S
(04:45 / Allies) Labsucks: 100 wood
(04:46 / Allies) Labsucks: plz?
(05:11 / All) Taking: lol!
(05:15 / All) Taking: he asked for 100 wood and no one gave him it
(05:17 / Allies) Clusterfuk: what a bitch
(05:17 / All) Taking: so he left
(05:22 / Allies) Taking: yeah wtf
(05:24 / All) ChopsBuster: fuck you guys
(05:25 / Allies) J0DyHiGhR0LlEr: i gave that nigga 100
(05:29 / All) ChopsBuster: greedy douches
(05:36 / All) Taking: apparently he did get it from yel actually
(05:37 / All) GhostFox: worthless allies
(05:40 / All) Taking: what a fag
(05:44 / Allies) Taking: yel aight if I get shredder?
(05:46 / Allies) Taking: I can share lumber
(05:53 / Allies) J0DyHiGhR0LlEr: i dc
(05:58 / Allies) Taking: kk
(06:08 / Allies) J0DyHiGhR0LlEr: what to do with blue
(06:14 / Allies) Taking: either of you got him?
(09:35 / Allies) Taking: help
(10:06 / Allies) Taking: ty
(14:01 / Allies) Clusterfuk: b
(14:10 / Allies) Taking: all together let's hit top
(21:14 / All) ReturnOfTheKang: oh it didn't seem to want to send my dragon home so I thought maybe cuz magic immune lawl
(21:22 / All) ReturnOfTheKang: must have been misclicking
(24:34 / All) ChopsBuster: gg
(24:37 / All) Taking: not over yet
(24:42 / All) Taking: my team is only 3 players
(26:58 / All) ReturnOfTheKang: always a bitch to pick up oitems
(28:50 / Allies) J0DyHiGhR0LlEr: gold for hall? 200 plz
(31:50 / Allies) Clusterfuk: i tknk we lose
(38:10 / Allies) J0DyHiGhR0LlEr: lets go pink
(38:58 / Allies) Clusterfuk: whats the plan lol
(39:08 / Allies) Clusterfuk: too many towers to go against
(39:25 / Allies) J0DyHiGhR0LlEr: i have earthq
(41:59 / Allies) J0DyHiGhR0LlEr: i wish pink will wake up
(42:47 / All) Clusterfuk: gg
(42:50 / All) ReturnOfTheKang: gg noob
(42:56 / All) Clusterfuk: xD
(43:12 / All) ReturnOfTheKang: raped no re
(43:23 / All) ReturnOfTheKang: didn't even use inner fire
(43:44 / All) Clusterfuk: man ur so good
(43:47 / All) Clusterfuk: so jealous of ur skills
(43:51 / All) ReturnOfTheKang: THX
(43:54 / All) ReturnOfTheKang: raped you ez
(43:55 / All) Clusterfuk: really applicable in life
(43:59 / All) Clusterfuk: yeah
(44:11 / All) ReturnOfTheKang: I showed your mom my record and she had sex with me on the spot
(44:20 / All) ReturnOfTheKang: right there in the quiznos
(44:36 / All) Taking: sup everyone
(44:38 / All) Taking: been alt tabbed
(44:39 / All) Taking: how's it going
(44:52 / All) Taking: lol!
(44:59 / All) Taking: they didn't like me alt tabbing back in
(45:04 / All) ReturnOfTheKang: too hard to assault that island lawl
(45:12 / All) ReturnOfTheKang: gotta use dahwk for bat and tower
(45:14 / All) Taking: that's hilarious, soon as I said that they all left LOL
(45:23 / All) Taking: For all they knew I was about to start playing for real
(45:28 / All) Taking: and just hadn't been paying attention
(45:33 / All) Taking: let's stats? My team was boring
(45:34 / All) ReturnOfTheKang: stats
(45:39 / All) Taking: 5-6 green
(45:46 / All) Taking: 14-11 blue but he left early on
(45:57 / All) Taking: 25-22 yellow
(46:01 / All) ReturnOfTheKang: he's a fiend bot
(46:05 / All) Taking: decent recs
(46:07 / All) ReturnOfTheKang: give red his first loss?
(46:10 / All) Taking: k
(46:13 / All) Taking: blue left early anyway